 Dungeon Crawl Stone Soup version 0.23-a0-29-g1be82e5 (webtiles) character file.

158 rgaf the Chopper (level 5, -4/41 HPs)
             Began as a Formicid Abyssal Knight on Aug 3, 2018.
             Was a Believer of Lugonu.
             Killed by divine providence
             ... invoked by an orc priest
              (11 damage)
             ... on level 3 of the Dungeon.
             The game lasted 00:02:28 (2772 turns).

rgaf the Chopper (Formicid Abyssal Knight)          Turns: 2772, Time: 00:02:28

Health: -4/41      AC:  5    Str: 17    XL:     5   Next: 66%
Magic:  6/6        EV: 10    Int: 15    God:    Lugonu [**....]
Gold:   102        SH:  0    Dex: 10    Spells: 4/4 levels left

rFire    . . .     SeeInvis +   m - +0 war axe
rCold    . . .     Gourm    .   (no shield)
rNeg     . . .     Faith    .   k - +0 ring mail
rPois    .         Spirit   .   (helmet unavailable)
rElec    .         Reflect  .   (no cloak)
rCorr    .         Harm     .   (no gloves)
MR       .....                  (no boots)
Stlth    ..........             (no amulet)
HPRegen  0.13/turn              d - +3 ring of intelligence (curse)
MPRegen  0.10/turn              (no ring)

@: no status effects
A: permanent stasis, dig shafts and tunnels, four strong arms, antennae 3
a: Dig, Shaft Self, Depart the Abyss, Bend Space, Renounce Religion


You were on level 3 of the Dungeon.
You worshipped Lugonu.
Lugonu was pleased with you.
You were not hungry.

You visited 1 branch of the dungeon, and saw 3 of its levels.
You visited the Abyss 1 time.

You collected 102 gold pieces.

Inventory:

Hand Weapons
 a - a +1 hand axe
 m - a +0 war axe (weapon)
Armour
 b - a +0 leather armour
 g - a +2 large shield
 k - a +0 ring mail (worn)
Jewellery
 d - a cursed +3 ring of intelligence (left hand)
 j - an uncursed ring of poison resistance {unknown}
Scrolls
 f - a scroll of enchant armour {unknown}
 h - a scroll of teleportation {unknown}
 i - 2 scrolls of identify {unknown}
 n - a scroll of random uselessness {unknown}
 o - 2 scrolls of remove curse {unknown}
Potions
 e - a potion of brilliance {unknown}
 p - a potion of curing {unknown}
Comestibles
 c - 3 rations
 l - 4 chunks of flesh


   Skills:
 - Level 3.2 Fighting
 * Level 4.2 Axes
 + Level 3.5 Armour
 - Level 0.8 Dodging
 + Level 2.1 Shields
 - Level 2.1 Invocations


You had 4 spell levels left.
You didn't know any spells.
Your spell library was empty.

Dungeon Overview and Level Annotations

Branches:
Dungeon (3/15)

Altars:


Innate Abilities, Weirdness & Mutations

You cannot be hasted, slowed, berserked, paralysed or teleported.
You can dig through walls and to a lower floor.
Your four strong arms can wield two-handed weapons with a shield.
You have a pair of large antennae on your head. (SInv)


Message History

Beogh smites you!
You hit the orc priest.
The orc priest is lightly wounded.
The orc priest hits you with a club.
You closely miss the orc priest.
The orc priest is lightly wounded.
The orc priest invokes the aid of Beogh against you.
Beogh smites you!
You are too injured to fight recklessly!
You are too injured to fight recklessly!
You barely miss the orc priest.
The orc priest is lightly wounded.
The orc priest mumbles some strange prayers to Beogh against you.
Beogh smites you!
* * * LOW HITPOINT WARNING * * *
You closely miss the orc priest.
The orc priest is lightly wounded.
The orc priest calls down the wrath of Beogh upon you.
Beogh smites you!
You die...

.............
.........#.
##............>.# .
#..<..!.........#
..#.#...............# #
....#...............###.
....................#...
...#........>...........
.#.....@.....$..(.†....#
.......o............#
...................<#
........<...#.#######
.....................
##..........#########
##........## #........#
#..o.......


You could see an orc priest.

Vanquished Creatures
  An orc wizard (D:2)
  7 adders (D:2)
  A gnoll (D:1)
  A worm (D:2)
  2 dart slugs (D:2)
  A leopard gecko (D:1)
  4 orcs (D:2)
  9 goblins
  7 hobgoblins
  A quokka (D:2)
  A ball python (D:1)
  2 bats
  2 frilled lizards (D:2)
  5 kobolds
  A leopard gecko skeleton (D:2)
  5 rats
50 creatures vanquished.

Notes
Turn   | Place    | Note
-------+----------+-------------------------------------------
     0 | Abyss:1  | rgaf the Formicid Abyssal Knight began the quest for the Orb.
     0 | Abyss:1  | Reached XP level 1. HP: 18/18 MP: 2/2
    51 | D:1      | Escaped the Abyss
   318 | D:1      | Reached XP level 2. HP: 13/24 MP: 3/3
   812 | D:1      | Reached XP level 3. HP: 29/29 MP: 4/4
  1022 | D:1      | Reached skill level 3 in Axes
  1491 | D:2      | Reached skill level 1 in Shields
  1491 | D:2      | Reached XP level 4. HP: 30/35 MP: 5/5
  1642 | D:2      | Reached ** piety under Lugonu
  2015 | D:2      | Reached XP level 5. HP: 36/41 MP: 6/6
  2483 | D:2      | Reached skill level 4 in Axes
  2772 | D:3      | Killed from afar by an orc priest

Vault maps used:
D:1:      minmay_arrival_nine_rooms, hangedman_abyss_or_decor_stabs
D:3:      nicolae_overflow_crystal_walls, cheibriados_altar_1, serial_curves,
          eino_curves_03, eino_curves_04, eino_curves_04, eino_curves_01,
          uniq_natasha

Skill      XL: |  1  2  3  4  5 |
---------------+----------------+-----
Axes           | 3 4 |  4.2
Armour         | 3 |  3.5
Shields        | 1 2 |  2.1
Fighting       | |  3.2
Dodging        | |  0.8
Invocations    | |  2.1

Action                   |  1- 3 |  4- 6 || total
-------------------------+-------+-------++-------
Melee: Hand axe          |    75 |    11 ||    86
       War axe           |       |    71 ||    71
  Eat: Chunk             |     2 |     4 ||     6
Armor: Leather armour    |     9 |       ||     9
       Ring mail         |    14 |    35 ||    49
Dodge: Dodged            |    41 |    54 ||    95

Table legend:
 A = Spawn XP
 B = Non-spawn XP
 C = Spawn XP percentage of total XP
 D = Spawn monster count
 E = Non-spawn monster count
 F = Spawn count percentage of total count
 G = Total turns spent on level
                    A         B        C        D         E        F      G
               +---------+---------+-------+---------+---------+-------+---------
         Total |       0 |     226 |   0.0 |       0 |      50 |   0.0 |  2772
               +---------+---------+-------+---------+---------+-------+---------
           D:1 |       0 |      33 |   0.0 |       0 |      12 |   0.0 |  1150
           D:2 |       0 |     192 |   0.0 |       0 |      37 |   0.0 |  1529
           D:3 |       0 |       1 |   0.0 |       0 |       1 |   0.0 |    42
               +---------+---------+-------+---------+---------+-------+---------
